| TOP OF THE 1ST |
|
Kelowna Heat batting - Pitching for Roswell Invaders : RHP John Palumbo
|
|
Pitching: RHP John Palumbo
|
|
|
Batting: RHB Miguel Gonzalez
|
0-0: Ball 1-0: Ball 2-0: Called Strike 2-1: Swinging Strike 2-2: Ball 3-2: Strikes out swinging
|
|
Batting: RHB Josh Truell
|
0-0: Foul Ball, location: 2F 0-1: Ball 1-1: Ball 2-1: Ball 3-1: Single, Error in OF, E7, batter to second base (Groundball, 56D, EV 113.8 MPH)
|
|
Batting: LHB Chris West
|
0-0: Foul Ball, location: 2F 0-1: Ball 1-1: Foul Ball, location: 2F 1-2: Strikes out swinging
|
|
Batting: RHB Billy Pranger
|
0-0: Ball 1-0: Reached on error, E5 (Groundball, 5L, EV 103.1 MPH) Josh Truell to third
|
|
Batting: RHB Malik Sharpless
|
0-0: Foul Ball, location: 2F 0-1: Ball 1-1: Ground out 1-3 (Groundball, 23, EV 75.6 MPH)
|
| Top of the 1st over - 0 runs, 1 hit, 2 errors, 2 left on base; Kelowna 0 - Roswell 0 |
| BOTTOM OF THE 1ST |
|
Roswell Invaders batting - Pitching for Kelowna Heat : RHP Tong Huang
|
|
Pitching: RHP Tong Huang
|
|
|
Batting: RHB Orlando Florez
|
0-0: Foul Ball, location: 2F 0-1: Swinging Strike 0-2: Strikes out swinging
|
|
Batting: SHB Ethan Newby
|
0-0: Called Strike 0-1: Fly out, F9 (Flyball, 9S, EV 90.0 MPH)
|
|
Batting: LHB Dallas Kelly
|
0-0: Fly out, F8 (Flyball, 8LXD, EV 101.3 MPH)
|
| Bottom of the 1st over - 0 runs, 0 hits, 0 errors, 0 left on base; Kelowna 0 - Roswell 0 |
| TOP OF THE 2ND |
|
Kelowna Heat batting - Pitching for Roswell Invaders : RHP John Palumbo
|
|
Batting: LHB Takaaki Nishimoto
|
0-0: Ball 1-0: Foul Ball, location: 2F 1-1: Ball 2-1: Called Strike 2-2: Foul Ball, location: 2F 2-2: Strikes out swinging
|
|
Batting: RHB Dave Putnam
|
0-0: Called Strike 0-1: Ball 1-1: Ball 2-1: Foul Ball, location: 2F 2-2: Strikes out swinging
|
|
Batting: RHB Ryan Hoagland
|
0-0: Ball 1-0: Ground out 6-3 (Groundball, 6, EV 77.5 MPH)
|
| Top of the 2nd over - 0 runs, 0 hits, 0 errors, 0 left on base; Kelowna 0 - Roswell 0 |
| BOTTOM OF THE 2ND |
|
Roswell Invaders batting - Pitching for Kelowna Heat : RHP Tong Huang
|
|
Batting: RHB Mike Swift
|
0-0: Called Strike 0-1: Ball 1-1: Foul Ball, location: 2F 1-2: Foul Ball, location: 2F 1-2: Ball 2-2: Strikes out swinging
|
|
Batting: RHB Josh Burrows
|
0-0: Foul Ball, location: 2F 0-1: Ball 1-1: Ball 2-1: Foul Ball, location: 2F 2-2: Strikes out swinging
|
|
Batting: LHB Josh Thomas
|
0-0: Swinging Strike 0-1: Foul Ball, location: 2F 0-2: Foul Ball, location: 2F 0-2: Foul Ball, location: 2F 0-2: Ball 1-2: Foul Ball, location: 2F 1-2: Ball 2-2: Ball 3-2: Foul Ball, location: 2F 3-2: Foul Ball, location: 2F 3-2: Reached on error, E4 (Groundball, 4, EV 86.9 MPH)
|
|
Batting: RHB Cody Savastand
|
0-0: Fielders Choice at 2nd, 6-4 (Groundball, 6, EV 103.1 MPH)
|
| Bottom of the 2nd over - 0 runs, 0 hits, 1 error, 1 left on base; Kelowna 0 - Roswell 0 |
| TOP OF THE 3RD |
|
Kelowna Heat batting - Pitching for Roswell Invaders : RHP John Palumbo
|
|
Pitching: RHP Jeff Whaley
|
|
|
Batting: RHB Sanya Mikushevich
|
0-0: Ball 1-0: Ground out 5-3 (Groundball, 56, EV 105.0 MPH)
|
|
Batting: RHB Miguel Gonzalez
|
0-0: Foul Ball, location: 2F 0-1: Foul Ball, location: 2F 0-2: Ball 1-2: Foul Ball, location: 2F 1-2: Ground out 6-3 (Groundball, 6, EV 102.5 MPH)
|
|
Batting: RHB Josh Truell
|
0-0: Foul Ball, location: 2F 0-1: Called Strike 0-2: SINGLE (Flyball, 4D, EV 93.8 MPH)
|
|
Batting: LHB Chris West
|
0-0: Ball Josh Truell steals 2nd base 1-0: Fly out, F5 (Popup, 5S, EV 80.6 MPH)
|
| Top of the 3rd over - 0 runs, 1 hit, 0 errors, 1 left on base; Kelowna 0 - Roswell 0 |
| BOTTOM OF THE 3RD |
|
Roswell Invaders batting - Pitching for Kelowna Heat : RHP Tong Huang
|
|
Batting: LHB Afanasy Apatenko
|
0-0: Foul Ball, location: 2F 0-1: Swinging Strike 0-2: Strikes out swinging
|
|
Batting: LHB Falco van Koeveringe
|
0-0: Swinging Strike 0-1: Ball 1-1: Swinging Strike 1-2: Ball 2-2: Strikes out looking
|
|
Batting: RHB Orlando Florez
|
0-0: Called Strike 0-1: Ball 1-1: Called Strike 1-2: Ball 2-2: Foul Ball, location: 2F 2-2: Ball 3-2: Foul Ball, location: 2F 3-2: Foul Ball, location: 2F 3-2: Foul Ball, location: 2F 3-2: Ground out 3-1 (Groundball, 34S, EV 86.3 MPH)
|
| Bottom of the 3rd over - 0 runs, 0 hits, 0 errors, 0 left on base; Kelowna 0 - Roswell 0 |
| TOP OF THE 4TH |
|
Kelowna Heat batting - Pitching for Roswell Invaders : RHP Jeff Whaley
|
|
Batting: RHB Billy Pranger
|
0-0: Swinging Strike 0-1: Ball 1-1: Ball 2-1: Called Strike 2-2: Foul Ball, location: 2F 2-2: Foul Ball, location: 2F 2-2: Strikes out swinging
|
|
Pitching: RHP Jake Priest
|
|
|
Batting: RHB Malik Sharpless
|
0-0: Ball 1-0: SINGLE (Flyball, 8RS, EV 98.1 MPH)
|
|
Batting: LHB Takaaki Nishimoto
|
0-0: Called Strike 0-1: Ball 1-1: Ball 2-1: Called Strike 2-2: Ball 3-2: Foul Ball, location: 2F 3-2: Strikes out looking
|
|
Batting: RHB Dave Putnam
|
0-0: Ball 1-0: Ball 2-0: Foul Ball, location: 2F 2-1: Ball 3-1: Base on Balls Malik Sharpless to second
|
|
Batting: RHB Ryan Hoagland
|
0-0: Called Strike 0-1: SINGLE (Groundball, 4, EV 106.3 MPH) Malik Sharpless to third Dave Putnam to second Runner from 3rd tries for Home, SAFE, throw by RF to home
|
|
Batting: RHB Sanya Mikushevich
|
0-0: Swinging Strike 0-1: Swinging Strike 0-2: Ball 1-2: Ball 2-2: Strikes out swinging
|
| Top of the 4th over - 1 run, 2 hits, 0 errors, 2 left on base; Kelowna 1 - Roswell 0 |
| BOTTOM OF THE 4TH |
|
Roswell Invaders batting - Pitching for Kelowna Heat : RHP Tong Huang
|
|
Batting: SHB Ethan Newby
|
0-0: Ball 1-0: Fly out, F6 (Popup, 6M, EV 60.0 MPH)
|
|
Batting: LHB Dallas Kelly
|
0-0: Foul Ball, location: 2F 0-1: Foul Ball, location: 2F 0-2: Foul Ball, location: 2F 0-2: Ball 1-2: Ball 2-2: Ball 3-2: Fly out, F7 (Flyball, 7LM, EV 102.5 MPH)
|
|
Batting: RHB Mike Swift
|
0-0: Ball 1-0: Called Strike 1-1: Foul Ball, location: 2F 1-2: Ball 2-2: Strikes out swinging
|
| Bottom of the 4th over - 0 runs, 0 hits, 0 errors, 0 left on base; Kelowna 1 - Roswell 0 |
| TOP OF THE 5TH |
|
Kelowna Heat batting - Pitching for Roswell Invaders : RHP Jake Priest
|
|
Pitching: RHP Vinny Segura
|
|
|
Batting: RHB Miguel Gonzalez
|
0-0: Ball 1-0: Called Strike 1-1: Ball 2-1: Foul Ball, location: 2F 2-2: Strikes out swinging
|
|
Batting: RHB Josh Truell
|
0-0: Called Strike 0-1: Ball 1-1: Foul Ball, location: 2F 1-2: Fly out, F7 (Line Drive, 7, EV 86.9 MPH)
|
|
Batting: LHB Chris West
|
0-0: Called Strike 0-1: Ball 1-1: Ball 2-1: Ball 3-1: Foul Ball, location: 2F 3-2: Foul Ball, location: 2F 3-2: SINGLE (Groundball, 25, EV 70.0 MPH) (infield hit)
|
|
Batting: RHB Billy Pranger
|
0-0: Ball 1-0: Ball 2-0: Ball 3-0: Called Strike 3-1: Called Strike 3-2: Base on Balls Chris West to second
|
|
Pitching: RHP Jaylen Hatten
|
|
|
Batting: RHB Malik Sharpless
|
0-0: Called Strike 0-1: Ball 1-1: Foul Ball, location: 2F 1-2: Strikes out swinging
|
| Top of the 5th over - 0 runs, 1 hit, 0 errors, 2 left on base; Kelowna 1 - Roswell 0 |
| BOTTOM OF THE 5TH |
|
Roswell Invaders batting - Pitching for Kelowna Heat : RHP Tong Huang
|
|
Batting: RHB Josh Burrows
|
0-0: Swinging Strike 0-1: Called Strike 0-2: Ball 1-2: Foul Ball, location: 2F 1-2: Ball 2-2: Strikes out swinging
|
|
Batting: LHB Josh Thomas
|
0-0: Called Strike 0-1: Fly out, F9 (Flyball, 9D, EV 103.1 MPH)
|
|
Batting: RHB Cody Savastand
|
0-0: Swinging Strike 0-1: Swinging Strike 0-2: Strikes out swinging
|
| Bottom of the 5th over - 0 runs, 0 hits, 0 errors, 0 left on base; Kelowna 1 - Roswell 0 |
| TOP OF THE 6TH |
|
Kelowna Heat batting - Pitching for Roswell Invaders : RHP Jaylen Hatten
|
|
Batting: LHB Takaaki Nishimoto
|
0-0: Ball 1-0: Foul Ball, location: 2F 1-1: Ball 2-1: Ball 3-1: Base on Balls
|
|
Batting: RHB Dave Putnam
|
0-0: Ball 1-0: Swinging Strike 1-1: Ball 2-1: Called Strike 2-2: Foul Ball, location: 2F 2-2: Fly out, F7 (Flyball, 7, EV 79.4 MPH)
|
|
Batting: RHB Ryan Hoagland
|
0-0: Called Strike 0-1: Ball 1-1: Swinging Strike 1-2: SINGLE (Line Drive, 9S, EV 94.4 MPH) Takaaki Nishimoto to second
|
|
Batting: RHB Sanya Mikushevich
|
0-0: Sac Bunt to 25 - play at first, batter OUT! 5-4 Takaaki Nishimoto to third Ryan Hoagland to second
|
|
Batting: RHB Miguel Gonzalez
|
0-0: Swinging Strike 0-1: Ball 1-1: Swinging Strike 1-2: Strikes out swinging
|
| Top of the 6th over - 0 runs, 1 hit, 0 errors, 2 left on base; Kelowna 1 - Roswell 0 |
| BOTTOM OF THE 6TH |
|
Roswell Invaders batting - Pitching for Kelowna Heat : RHP Tong Huang
|
|
Batting: LHB Afanasy Apatenko
|
0-0: Ball 1-0: Ball 2-0: Reached on error, E5 (Groundball, 5, EV 85.0 MPH)
|
|
Batting: LHB Falco van Koeveringe
|
0-0: Ball 1-0: Called Strike 1-1: Ball 2-1: Ball 3-1: Foul Ball, location: 2F 3-2: Strikes out swinging
|
|
Pitching: RHP Jonathan Simi
|
|
|
Batting: RHB Orlando Florez
|
0-0: Swinging Strike Passed Ball! Afanasy Apatenko to second 0-1: Ball 1-1: Foul Ball, location: 2F 1-2: Ball 2-2: Foul Ball, location: 2F 2-2: Ball 3-2: Base on Balls
|
|
Batting: SHB Ethan Newby
|
0-0: Swinging Strike 0-1: SINGLE (Groundball, 6D, EV 104.4 MPH) Afanasy Apatenko to third Orlando Florez to second Runner from 3rd tries for Home, SAFE, throw by CF to home
|
|
Batting: LHB Dallas Kelly
|
0-0: SINGLE (Groundball, 34D, EV 96.3 MPH) Orlando Florez to third Ethan Newby to second Runner from 3rd tries for Home, SAFE, throw by RF to home
|
|
Batting: RHB Mike Swift
|
0-0: Called Strike 0-1: Ball 1-1: Ball 2-1: Foul Ball, location: 2F 2-2: Ball Wild Pitch! Ethan Newby to third Dallas Kelly to second 3-2: Intentional Walk
|
|
Batting: RHB Josh Burrows
|
0-0: Called Strike 0-1: Ball 1-1: Foul Ball, location: 2F 1-2: Ball 2-2: Foul Ball, location: 2F 2-2: Ball 3-2: Strikes out swinging
|
|
Batting: LHB Josh Thomas
|
0-0: Ball Balk! Ethan Newby scores Dallas Kelly to third Mike Swift to second 1-0: Intentional Walk
|
|
Batting: RHB Cody Savastand
|
0-0: Called Strike 0-1: Swinging Strike 0-2: Strikes out swinging
|
| Bottom of the 6th over - 3 runs, 2 hits, 1 error, 3 left on base; Kelowna 1 - Roswell 3 |
| TOP OF THE 7TH |
|
Kelowna Heat batting - Pitching for Roswell Invaders : RHP Jaylen Hatten
|
|
Batting: RHB Josh Truell
|
0-0: Ball 1-0: Reached on error, E3 (Groundball, 34, EV 83.8 MPH)
|
|
Batting: LHB Chris West
|
0-0: Ball 1-0: Ball 2-0: Foul Ball, location: 2F 2-1: Ball 3-1: Base on Balls Josh Truell to second
|
|
Batting: RHB Billy Pranger
|
0-0: SINGLE (Line Drive, 7LS, EV 99.4 MPH) Josh Truell to third Chris West to second
|
|
Batting: RHB Malik Sharpless
|
0-0: Ball 1-0: Called Strike 1-1: Foul Ball, location: 2F 1-2: Ball 2-2: Foul Ball, location: 2F 2-2: Ball 3-2: Base on Balls Josh Truell scores Chris West to third Billy Pranger to second
|
|
Batting: LHB Takaaki Nishimoto
|
0-0: Fly out, F6 (Popup, 6M, EV 54.4 MPH)
|
|
Batting: RHB Dave Putnam
|
0-0: Grounds into fielders choice 5-2 (Groundball, 56S, EV 80.6 MPH) Billy Pranger to third Malik Sharpless to second
|
|
Batting: RHB Ryan Hoagland
|
0-0: Ball 1-0: Ball 2-0: Foul Ball, location: 2F 2-1: Swinging Strike 2-2: Foul Ball, location: 2F 2-2: Ball 3-2: Base on Balls Billy Pranger scores Malik Sharpless to third Dave Putnam to second
|
|
Batting: RHB Sanya Mikushevich
|
0-0: Called Strike 0-1: Ball 1-1: DOUBLE (Line Drive, 78D, EV 100.0 MPH) Malik Sharpless scores Dave Putnam scores Ryan Hoagland to third Runner from 3rd tries for Home, SAFE, no throw by CF
|
|
Batting: RHB Miguel Gonzalez
|
0-0: Ball 1-0: Ball 2-0: Called Strike 2-1: Ball 3-1: Base on Balls
|
|
Batting: RHB Josh Truell
|
0-0: Called Strike 0-1: Ball 1-1: Called Strike 1-2: Strikes out swinging
|
| Top of the 7th over - 5 runs, 2 hits, 1 error, 2 left on base; Kelowna 6 - Roswell 3 |
| BOTTOM OF THE 7TH |
|
Roswell Invaders batting - Pitching for Kelowna Heat : RHP Jonathan Simi
|
|
Pitching: LHP Ricky Coats
|
|
|
Batting: LHB Afanasy Apatenko
|
0-0: Called Strike 0-1: Called Strike 0-2: Foul Ball, location: 2F 0-2: Strikes out swinging
|
|
Batting: LHB Falco van Koeveringe
|
0-0: Ball 1-0: Foul Ball, location: 2F 1-1: Ball 2-1: Ball 3-1: Base on Balls
|
|
Pitching: RHP Rory Bornt
|
|
|
Batting: RHB Orlando Florez
|
0-0: Foul Ball, location: 2F 0-1: Ball 1-1: Ball 2-1: Foul Ball, location: 2F 2-2: Ball 3-2: Grounds into double play, 6-4-3 (Groundball, 6, EV 91.9 MPH)
|
| Bottom of the 7th over - 0 runs, 0 hits, 0 errors, 0 left on base; Kelowna 6 - Roswell 3 |
| TOP OF THE 8TH |
|
Kelowna Heat batting - Pitching for Roswell Invaders : RHP Jaylen Hatten
|
|
Batting: LHB Chris West
|
0-0: Ball 1-0: Called Strike 1-1: SINGLE (Groundball, 34D, EV 98.8 MPH)
|
|
Pitching: LHP Travis Osorio
|
|
|
Batting: RHB Billy Pranger
|
0-0: Called Strike 0-1: Swinging Strike 0-2: Ball 1-2: Ball 2-2: Foul Ball, location: 2F 2-2: Ball 3-2: Grounds into double play, 1-6-3 (Groundball, 13S, EV 68.1 MPH)
|
|
Batting: RHB Malik Sharpless
|
0-0: Foul Ball, location: 2F 0-1: Swinging Strike 0-2: Ground out 6-3 (Groundball, 6MD, EV 83.8 MPH)
|
| Top of the 8th over - 0 runs, 1 hit, 0 errors, 0 left on base; Kelowna 6 - Roswell 3 |
| BOTTOM OF THE 8TH |
|
Roswell Invaders batting - Pitching for Kelowna Heat : RHP Rory Bornt
|
|
Batting: SHB Ethan Newby
|
0-0: Ball 1-0: Ball 2-0: Ball 3-0: Called Strike 3-1: Swinging Strike 3-2: Foul Ball, location: 2F 3-2: SINGLE (Groundball, 34S, EV 95.6 MPH)
|
|
Batting: LHB Dallas Kelly
|
0-0: Swinging Strike 0-1: Ball 1-1: Foul Ball, location: 2F 1-2: Ball 2-2: Foul Ball, location: 2F 2-2: Strikes out looking
|
|
Batting: RHB Mike Swift
|
0-0: Called Strike 0-1: Ball Passed Ball! Ethan Newby to second 1-1: Called Strike 1-2: Ball 2-2: Ball 3-2: Base on Balls
|
|
Batting: RHB Josh Burrows
|
0-0: Ball 1-0: Foul Ball, location: 2F 1-1: Called Strike 1-2: Strikes out swinging
|
|
Batting: LHB Josh Thomas
|
0-0: Called Strike 0-1: Foul Ball, location: 2F 0-2: Strikes out swinging
|
| Bottom of the 8th over - 0 runs, 1 hit, 0 errors, 2 left on base; Kelowna 6 - Roswell 3 |
| TOP OF THE 9TH |
|
Kelowna Heat batting - Pitching for Roswell Invaders : LHP Travis Osorio
|
|
Batting: LHB Takaaki Nishimoto
|
0-0: Ball 1-0: Foul Ball, location: 2F 1-1: Ball 2-1: Ball 3-1: Base on Balls
|
|
Batting: RHB Dave Putnam
|
0-0: Ball 1-0: Ball Wild Pitch! Takaaki Nishimoto to second 2-0: Intentional Walk
|
|
Batting: RHB Ryan Hoagland
|
0-0: Bunted foul 0-1: Bunted foul 0-2: Ball 1-2: Sac Bunt to 15S - play at first, batter OUT! 1-3 Takaaki Nishimoto to third Dave Putnam to second
|
|
Batting: RHB Sanya Mikushevich
|
0-0: Fly out, F8 (Flyball, 8LD, EV 99.4 MPH) Runner from 3rd tags up, SCORES, throw by CF Dave Putnam to third
|
|
Batting: RHB Miguel Gonzalez
|
0-0: Ball 1-0: Ball 2-0: Ball Wild Pitch! Dave Putnam scores 3-0: Base on Balls
|
|
Batting: RHB Josh Truell
|
0-0: Fly out, F8 (Flyball, 78S, EV 86.3 MPH)
|
| Top of the 9th over - 2 runs, 0 hits, 0 errors, 1 left on base; Kelowna 8 - Roswell 3 |
| BOTTOM OF THE 9TH |
|
Roswell Invaders batting - Pitching for Kelowna Heat : RHP Rory Bornt
|
|
Batting: RHB Cody Savastand
|
0-0: SINGLE (Groundball, 6MD, EV 103.1 MPH)
|
|
Pitching: RHP Dylan Mosley
|
|
|
Batting: LHB Afanasy Apatenko
|
0-0: Swinging Strike 0-1: Called Strike 0-2: Ball 1-2: Fielders Choice at 2nd, 3-6 (Groundball, 34, EV 83.1 MPH)
|
|
Batting: LHB Falco van Koeveringe
|
0-0: Ball 1-0: Called Strike 1-1: Ball 2-1: Foul Ball, location: 2F 2-2: Ball 3-2: Strikes out swinging
|
|
Batting: RHB Orlando Florez
|
0-0: Ball 1-0: Ball 2-0: Called Strike 2-1: Ball 3-1: Base on Balls Afanasy Apatenko to second
|
|
Batting: SHB Ethan Newby
|
0-0: Swinging Strike 0-1: Foul Ball, location: 2F 0-2: Ball 1-2: Foul Ball, location: 2F 1-2: Foul Ball, location: 2F 1-2: Fly out, F7 (Flyball, 7LM, EV 88.1 MPH)
|
| Bottom of the 9th over - 0 runs, 1 hit, 0 errors, 2 left on base; Kelowna 8 - Roswell 3 |
|